 Dungeon Crawl Stone Soup version 0.31-a0-233-g139696dc86 (webtiles) character file.

Game seed: 12446412792042414676

22 qw the Shooter (level 2, -2/17 HPs)
             Began as a Gargoyle Hexslinger on July 7, 2023.
             Slain by a worm (9 damage)
             ... on level 2 of the Dungeon.
             The game lasted 00:00:17 (978 turns).

qw the Shooter (Gargoyle Hexslinger)                 Turns: 978, Time: 00:00:18

Health: -2/17      AC:  7    Str: 11    XL:     2   Next: 91%
Magic:  3/3        EV: 10    Int: 13    God:
Gold:   142        SH:  0    Dex: 12    Spells: 2/3 levels left

rFire   . . .        Y - +1 sling
rCold   . . .        (no shield)
rNeg    + . .        d - +0 ring mail
rPois   inf          (no helmet)
rElec   +            (no cloak)
rCorr   .            (no gloves)
SInv    .            (no boots)
Will    .....        (no amulet)
Stlth   +            (no ring)
HPRegen 0.22/turn    (no ring)
MPRegen 0.08/turn

%: no passive effects
@: no status effects
A: sickness immunity, AC +2, negative energy resistance 1, electricity
resistance, torment resistance 1, petrification resistance
a: no special abilities


You were on level 2 of the Dungeon.
You visited 1 branch of the dungeon, and saw 2 of its levels.

You collected 142 gold pieces.


Innate Abilities, Weirdness & Mutations

You are immune to sickness and miasma.
Your stone body is resilient. (AC +2)
You are immune to poison.
You resist negative energy. (rN+)
You are resistant to electric shocks. (rElec)
You are resistant to unholy torment.
You are immune to petrification.


   Skills:
 + Level 1.7 Fighting
 - Level 3.0 Ranged Weapons
 - Level 1.5 Dodging
 - Level 1.0 Spellcasting
 - Level 2.6 Hexes


You had 2 spell levels left.
You knew the following spells:

 Your Spells              Type           Power      Damage    Failure   Level
a - Slow                  Hex            28%        N/A       22%         1

Your spell library contained the following spells:

 Spells                   Type           Power      Damage    Failure   Level
 Inner Flame              Hex/Fire       4%         N/A       75%         3
 Portal Projectile        Hex/Tloc       8%         N/A       75%         3
 Cause Fear               Hex            3%         N/A       92%         4

Inventory:

Hand Weapons
 Y - a +1 sling (weapon)
Armour
 d - a +0 ring mail (worn)
Jewellery
 c - a ring of resist corrosion
Scrolls
 b - a scroll of teleportation {unknown}
 f - a scroll of identify
Potions
 a - a potion of resistance {unknown}
 h - a potion of mutation {unknown}

Dungeon Overview and Level Annotations

Branches:
Dungeon (2/15)

Altars:


Message History

The sling bullet misses the kobold.
You shoot a sling bullet.
The sling bullet barely misses the kobold.
A ball python comes into view.
You shoot a sling bullet.
The sling bullet barely misses the kobold.
The ball python hisses angrily.
The kobold barely misses you.
You shoot a sling bullet.
The sling bullet closely misses the kobold.
The sling bullet hits the worm!
The worm is heavily wounded.
The kobold barely misses you.
You shoot a sling bullet.
The sling bullet barely misses the worm.
The kobold closely misses you. The worm bites you.
You shoot a sling bullet.
The sling bullet hits the worm but does no damage.
The worm is moderately wounded.
The kobold closely misses you. The worm barely misses you.
The kobold hits you but does no damage.
You shoot a sling bullet.
The sling bullet hits the worm but does no damage.
The worm is moderately wounded.
The kobold hits you but does no damage.
You shoot a sling bullet.
The sling bullet barely misses the worm.
The kobold hits you with a +0 whip. The worm closely misses you.
You shoot a sling bullet. The sling bullet hits the worm!
The worm is severely wounded.
The kobold barely misses you. The worm closely misses you.
The kobold hits you with a +0 whip.
You shoot a sling bullet. The sling bullet hits the worm.
The worm is severely wounded.
The kobold hits you but does no damage. The worm closely misses you.
You shoot a sling bullet.
The sling bullet barely misses the worm.
The kobold barely misses you. The worm bites you!
Ouch! That really hurt!
You die...

###..###### .... #..
.###.......... .... ...
.............. ..... #.#
....##..###### ..... #.#
###.....# #
......#.###.......######
......#.................
.....Sw.................
#lK@................
####................
#................
#.......#########
#.......# #.......#
#..(....# #.......#
#########


You could see a worm, a ball python, a kobold and a frilled lizard.

Vanquished Creatures
  A dart slug (D:1)
  2 goblins
  2 hobgoblins (D:1)
  4 kobolds (D:1)
  4 quokkas
  3 bats
  A rat (D:1)
17 creatures vanquished.

Notes
Turn   | Place    | Note
-------+----------+-------------------------------------------
     0 | D:1      | qw the Gargoyle Hexslinger began the quest for the Orb.
     0 | D:1      | Reached XP level 1. HP: 12/12 MP: 2/2
     0 | D:1      | 0 ||| qw: Version: 0.3-a-46-gb1f654a
     0 | D:1      | 0 ||| qw: Game counter: 3106
     0 | D:1      | 0 ||| qw: Melee chars always use a shield: true
     0 | D:1      | 0 ||| qw: God list: Okawaru
     0 | D:1      | 0 ||| qw: Allow faded altars: false
     0 | D:1      | 0 ||| qw: Do Orc after clearing Dungeon:15 true
     0 | D:1      | 0 ||| qw: Do second Lair branch before Depths: true
     0 | D:1      | 0 ||| qw: Lair rune preference: random
     0 | D:1      | 0 ||| qw: Goals: Normal
     0 | D:1      | 0 ||| PLANNING D:1-11
   188 | D:1      | Reached XP level 2. HP: 16/16 MP: 3/3
   618 | D:1      | 618 ||| FLEEEEING.
   619 | D:1      | 619 ||| FLEEEEING.
   620 | D:1      | 620 ||| FLEEEEING.
   632 | D:1      | Reached skill level 3 in Ranged Weapons
   766 | D:1      | 766 ||| UPGRADING to +0 ring mail.
   776 | D:1      | 776 ||| DROPPING +0 robe.
   777 | D:1      | 777 ||| READING scroll labelled YZYFFIORRONG.
   778 | D:1      | 778 ||| READING 2 scrolls labelled QINEMM FITE.
   779 | D:1      | 779 ||| READING scroll labelled YDWOIWI BIOGH.
   780 | D:1      | 780 ||| DROPPING scroll of poison.
   827 | D:2      | Found a faded altar of an unknown god.
   978 | D:2      | Slain by a worm

Levels and vault maps discovered:
D:1:      minmay_arrival_three_doors, layout_basic, st_stairs_10,
          dreamdust_wishing_well
D:2:      layout_rooms, chequers_ecumenical_altar_grove, uniq_natasha,
          uniq_sigmund

Skill      XL: |  1  2 |
---------------+-------+-----
Ranged Weapons | 3 |  3.0
Fighting       | |  1.7
Dodging        | |  1.5
Spellcasting   | |  1.0
Hexes          | |  2.6

Action                     || total
---------------------------++-------
   Fire: Sling             ||    63
    Use: Scroll            ||     3
 Armour: Robe              ||     2
         Ring mail         ||     7
  Dodge: Dodged            ||    20

Table legend:
 A = Non-vault XP
 B = Vault XP
 C = Vault XP percentage of total XP
 D = Non-vault monster count
 E = Vault monster count
 F = Vault count percentage of total count
                 A         B        C        D         E       F
            +---------+---------+-------+---------+---------+-------
      Total |      31 |       1 |   3.1 |      16 |       1 |   5.9
            +---------+---------+-------+---------+---------+-------
        D:1 |      24 |       1 |   4.0 |      12 |       1 |   7.7
        D:2 |       7 |       0 |   0.0 |       4 |       0 |   0.0
            +---------+---------+-------+---------+---------+-------
